 Dungeon Crawl Stone Soup version 0.31-a0-75-g6fe912e8c5 (webtiles) character file.

Game seed: 5245726069128050978

56 Lugonue the Sneak (level 3, -7/21 HPs)
             Began as an Octopode Hedge Wizard on May 23, 2023.
             Mangled by Crazy Yiuf
             ... wielding a +3 quarterstaff of chaos
              (8 damage)
             ... on level 2 of the Dungeon.
             The game lasted 00:06:37 (1393 turns).

Lugonue the Sneak (Octopode Hedge Wizard)           Turns: 1393, Time: 00:06:41

Health: -7/21      AC:  1    Str:  7 (9)  XL:     3   Next: 97%
Magic:  7/8        EV: 13    Int: 15 (16) God:
Gold:   124        SH:  0    Dex: 12 (13) Spells: 3/9 levels left

rFire   . . .        h - +1 dagger (vamp)
rCold   . . .        (no shield)
rNeg    . . .        b - +0 hat
rPois   .            (no amulet)
rElec   .            (no ring)
rCorr   .            (no ring)
SInv    .            (no ring)
Will    .....        (no ring)
Stlth   +++          (no ring)
HPRegen 0.23/turn    (no ring)
MPRegen 0.11/turn    (no ring)
                     (no ring)

%: no passive effects
@: lethally poisoned (-7 -> -17)
A: almost no armour, amphibious, 8 rings, camouflage 1, gelatinous body 1,
(nimble swimmer 1), tentacles
a: no special abilities


You were on level 2 of the Dungeon.
You visited 1 branch of the dungeon, and saw 2 of its levels.

You collected 124 gold pieces.

Inventory:

Hand Weapons
 a - a +0 dagger
 h - a +1 vampiric dagger (weapon)
Armour
 b - a +0 hat (worn)
Scrolls
 d - a scroll of identify
 i - a scroll of fear {unknown}
 j - a scroll of magic mapping {unknown}
 k - a scroll of teleportation {unknown}
Potions
 c - a potion of magic
 e - a potion of enlightenment
 f - a potion of ambrosia
 g - a potion of brilliance


   Skills:
 + Level 0.3 Fighting
 + Level 0.5 Short Blades
 + Level 2.3 Dodging
 * Level 4.3 Stealth
 + Level 3.5 Spellcasting
 + Level 1.0 Conjurations
 + Level 1.0 Summonings
 + Level 1.0 Translocations


You had 3 spell levels left.
You knew the following spells:

 Your Spells              Type           Power      Damage    Failure   Level
a - Magic Dart            Conj           20%        1d4       13%         1
b - Slow                  Hex            8%         N/A       19%         1
c - Blink                 Tloc           10%        N/A       19%         2
d - Call Imp              Summ           10%        N/A       19%         2

Your spell library contained the following spells:

 Spells                   Type           Power      Damage    Failure   Level
 Shock                    Conj/Air       8%         1d3       19%         1
 Cigotuvi's Dreadful Rot  Necr/Pois/Air  0%         N/A       36%         2
 Swiftness                Air            2%         N/A       50%         3
 Tukima's Dance           Hex            2%         N/A       50%         3
 Mephitic Cloud           Conj/Pois/Air  1%         N/A       54%         3
 Passage of Golubria      Tloc           5%         N/A       77%         4
 Airstrike                Air            1%         2d(1-17)  88%         4
 Yara's Violent Unravell  Hex/Tmut       0%         3d3       99%         5


Dungeon Overview and Level Annotations

Branches:
Dungeon (2/15)

Altars:

Shops:
D:2 (

Annotations:
D:2 Crazy Yiuf, Sigmund


Innate Abilities, Weirdness & Mutations

You cannot wear most types of armour.
You are amphibious.
You can wear up to eight rings at the same time.
Your skin changes colour to match your surroundings (Stealth+).
Your rubbery body absorbs attacks. (AC +1, EV +1)
((You are camouflaged when in or above water. (Stealth+)))
You have tentacles for arms and can constrict up to eight enemies at once.


Message History

You see here a +0 robe.
You see here a +0 ring mail.
You see here 7 stones.
A rat comes into view.
The helpless rat fails to defend itself.
You puncture the rat!
You kill the rat!
No target in view!
No target in view!
Found a hammer.
Found a runed translucent door.
You open the door.
Crazy Yiuf shouts!
Sigmund shouts!
Crazy Yiuf yells, "Mugger sow action!"
Sigmund points at you and mumbles some strange words.
You resist with significant effort.
You close the door.
Sigmund opens the door.
Casting: Magic Dart (safe; 12% risk of failure)
Confirm with . or Enter, or press ? or * to list all spells.
Okay, then.
Unknown command.
Casting: Magic Dart (safe; 12% risk of failure)
Confirm with . or Enter, or press ? or * to list all spells.
Aiming: Slow (safe; 19% risk of failure)
Press: ? - help, Shift-Dir - straight line, f - Crazy Yiuf
Aim: Crazy Yiuf, wielding a +3 quarterstaff of chaos and wearing a +0 cloak (chance to affect: 44%) Crazy Yiuf resists with some effort.
Unknown command.
Crazy Yiuf attacks as you move away!
Crazy Yiuf hits you with a +3 quarterstaff of chaos!
Ouch! That really hurt!
You are lethally poisoned!
* * * LOW HITPOINT WARNING * * *
You feel very sick.
Unknown command.
It was a potion of degeneration.
There was something very wrong with that liquid.
You feel weakened.
You feel dopey.
You feel clumsy.
* * * LOW HITPOINT WARNING * * *
You feel very sick.
Crazy Yiuf hits you with a +3 quarterstaff of chaos!
You die...

###......(.....##########.#
#.########.### #.# #.# ###
#.# ###.#### #.# #......#
#.# #.###[## ### ♣♣####.#
#.# #..# #)..#♣♣ ♣♣..#.#.#
#.###.## #...'@♣♣♣♣.......#
.[....# #...#♣g@♣......#.#
#.##### ###
♣♣♣.♣...###.†...... #.#
♣♣♣♣♣## ######### #.# ..#
###


You could see Sigmund and Crazy Yiuf.

Vanquished Creatures
  A dart slug (D:2)
  7 bats
  8 endoplasms
  2 giant cockroaches
  3 goblins
  5 hobgoblins (D:1)
  A quokka (D:2)
  2 ball pythons
  13 frilled lizards (D:1)
  5 kobolds
  4 rats
51 creatures vanquished.

Notes
Turn   | Place    | Note
-------+----------+-------------------------------------------
     0 | D:1      | Lugonue the Octopode Hedge Wizard began the quest for the
                  | Orb.
     0 | D:1      | Reached XP level 1. HP: 11/11 MP: 4/4
    44 | D:1      | Reached skill level 3 in Stealth
    86 | D:1      | Learned a level 1 spell: Slow
    92 | D:1      | Reached XP level 2. HP: 17/17 MP: 6/6
   140 | D:1      | Found a faded altar of an unknown god.
   514 | D:1      | Reached XP level 3. HP: 21/21 MP: 7/7
   814 | D:2      | Reached skill level 4 in Stealth
   928 | D:2      | Learned a level 2 spell: Blink
   931 | D:2      | Learned a level 2 spell: Call Imp
  1005 | D:2      | Found Syston's Antique Weapon Emporium.
  1382 | D:2      | Found a runed translucent door.
  1385 | D:2      | Noticed Crazy Yiuf
  1387 | D:2      | Noticed Sigmund
  1393 | D:2      | HP: 1/21 [poisoned by Crazy Yiuf]
  1393 | D:2      | Mangled by Crazy Yiuf

Illustrated notes

Levels and vault maps discovered:
D:1:      psy_arrival_spokes, layout_basic, ebering_ecumenical_altar_abandoned,
          minmay_lizard_pond
D:2:      layout_loops_ring, serial_shops, shop, guppyfry_early_lair_pool,
          uniq_crazy_yiuf_cottage, uniq_sigmund

Skill      XL: |  1  2  3 |
---------------+----------+-----
Stealth        | 3 4 |  4.3
Fighting       | |  0.3
Short Blades   | |  0.5
Dodging        | |  2.3
Spellcasting   | |  3.5
Conjurations   | |  1.0
Summonings     | |  1.0
Translocations | |  1.0

Action                     || total
---------------------------++-------
  Melee: Dagger            ||   107
         Constrict         ||    20
         Tentacles         ||    18
         Punch             ||     1
   Cast: Magic Dart        ||     6
         Slow              ||     2
    Use: Scroll            ||     6
         Potion            ||     1
   Stab: Sleeping          ||    11
 Armour: Skin              ||    11
  Dodge: Dodged            ||    75

Table legend: (Time is in decaauts)
 A = Elapsed time spent in this place.
 B = Non-inter-level travel time spent in this place.
 C = Inter-level travel time spent in this place.
 D = Time resting spent in this place.
 E = Time spent auto-exploring this place.
 F = Levels seen in this place.
 G = Mean time per level.
                   A        B        C        D        E       F      G
               +--------+--------+--------+--------+--------+-----+--------+
         Total |   1391 |   1375 |     16 |      0 |    953 |   2 |  695.5 |
       Dungeon |   1391 |   1375 |     16 |      0 |    953 |   2 |  695.5 |
               +--------+--------+--------+--------+--------+-----+--------+

Top non-repeatable levels by time:
     D:1: 808 daAuts
     D:2: 583 daAuts
